 Dungeon Crawl Stone Soup version 0.30-a0-29-g142975f185 (webtiles) character file.

Game seed: 12997952868905052585

228 hquester1 the Covered (level 5, -21/47 HPs)
             Began as a Minotaur Fighter on Aug 26, 2022.
             Demolished by an ogre
             ... wielding a +0 giant club
              (23 damage)
             ... on level 4 of the Dungeon.
             The game lasted 00:07:09 (3160 turns).

hquester1 the Covered (Minotaur Fighter)            Turns: 3160, Time: 00:07:09

Health: -21/47     AC:  9    Str: 22    XL:     5   Next: 70%
Magic:  4/4        EV:  9    Int:  5    God:
Gold:   235        SH:  8    Dex: 10    Spells: 4/4 levels left

rFire   . . .      SeeInvis .    a - +0 war axe
rCold   . . .      Faith    .    u - +0 kite shield
rNeg    . . .      Spirit   .    b - +0 scale mail
rPois   .          Reflect  .    (helmet restricted)
rElec   .          Harm     .    (no cloak)
rCorr   .          Rampage  .    (no gloves)
Will    .....                    h - +1 pair of boots
Stlth   ..........               (no amulet)
HPRegen 0.15/turn                (no ring)
MPRegen 0.09/turn                (no ring)

@: mighty
A: horns 2, retaliatory headbutt
a: no special abilities


You were on level 4 of the Dungeon.
You visited 1 branch of the dungeon, and saw 4 of its levels.

You collected 235 gold pieces.

Inventory:

Hand Weapons
 a - a +0 war axe (weapon)
Armour
 b - a +0 scale mail (worn)
 h - a +1 pair of boots (worn)
 u - a +0 kite shield (worn)
Jewellery
 q - an amulet of magic regeneration
Wands
 p - a wand of charming (10)
Scrolls
 e - a scroll of enchant weapon {unknown}
 i - 2 scrolls of identify {unknown}
 j - 2 scrolls of enchant armour {unknown}
 k - a scroll of amnesia {unknown}
 l - a scroll of blinking {unknown}
 n - a scroll of magic mapping {unknown}
 o - a scroll of vulnerability {unknown}
 s - a scroll of poison {unknown}
Potions
 c - a potion of curing {unknown}
 d - a potion of might
 f - a potion of haste {unknown}
 g - a potion of flight
 m - a potion of invisibility
 r - 2 potions of lignification {unknown}
 t - a potion of heal wounds


   Skills:
 + Level 4.4 Fighting
 + Level 3.6 Axes
 + Level 4.6 Armour
 + Level 2.4 Dodging
 + Level 1.7 Stealth
 + Level 4.6 Shields


You had 4 spell levels left.
You didn't know any spells.
Your spell library contained the following spells:

 Spells                   Type           Power      Damage    Failure   Level
 Gell's Gravitas          Tloc           0%         N/A       100%        3
 Lesser Beckoning         Tloc           0%         N/A       100%        3
 Teleport Other           Tloc           0%         N/A       100%        3


Dungeon Overview and Level Annotations

Branches:
Dungeon (4/15)
 Temple: D:4-7

Altars:
Gozag
Kikubaaqudgha
Nemelex Xobeh
Uskayaw
Wu Jian
Zin


Innate Abilities, Weirdness & Mutations

You have a pair of horns on your head.
You reflexively headbutt those who attack you in melee.


Message History

There is an open door here.
You see here 6 curare-tipped darts.
Found a stone staircase leading down.
You now have 219 gold pieces (gained 18).
An orc comes into view. It is wielding a +0 dagger.
Found 4 stones.
A kobold comes into view. It is wielding a +0 club.
The kobold shouts!
You see here 16 gold pieces.
You block the orc's attack.
You hit the orc. Your headbutt misses the orc.
The orc is severely wounded.
The orc hits you with a +0 dagger.
You barely miss the orc.
The orc is severely wounded.
The orc closely misses you. You furiously retaliate!
You headbutt the orc!
You kill the orc!
You closely miss the kobold. The kobold hits you but does no damage.
You hit the kobold.
You kill the kobold!
Items here: )) [ ††.
You now have 235 gold pieces (gained 16).
Items here: )) [ ††.
You see here 4 stones.
Found a robe.
An ogre comes into view. It is wielding a +0 giant club.
The ogre shouts!
You feel very mighty all of a sudden.
You slash the ogre!
The ogre is heavily wounded.
The ogre hits you with a +0 giant club!!
Ouch! That really hurt!
You barely miss the ogre. Your headbutt misses the ogre.
The ogre is heavily wounded.
The ogre hits you with a +0 giant club!
* * * LOW HITPOINT WARNING * * *
You hit the ogre. You headbutt the ogre.
The ogre is severely wounded.
The ogre hits you with a +0 giant club!!
You die...

##########
......[..### ###
........... ..#
........O# #.#
.....?.@.# #.#
########.######.#
#......#.#
######.#.######## #.
.................. #.
#######.#.#.....(..)
###..
###.....#.#.######....
##....##...[.....#.#
#....
.......#...###.###.#
#....


You could see an ogre.

Vanquished Creatures
  An orc priest (D:3)
  Jessica (D:2)
  An orc wizard (D:3)
  Robin (D:2)
  2 adders (D:2)
  3 gnolls (D:2)
  An ufetubus (D:4)
  2 dart slugs
  5 orcs
  8 endoplasms
  4 giant cockroaches
  7 goblins
  6 hobgoblins
  3 jackals (D:2)
  9 kobolds
  3 quokkas
  5 ball pythons
  8 bats
  2 frilled lizards (D:1)
  2 rats (D:1)
74 creatures vanquished.

Vanquished Creatures (others)
  8 plants (D:2)
8 creatures vanquished.

Grand Total: 82 creatures vanquished

Notes
Turn   | Place    | Note
-------+----------+-------------------------------------------
     0 | D:1      | hquester1 the Minotaur Fighter began the quest for the Orb.
     0 | D:1      | Reached XP level 1. HP: 19/19 MP: 0/0
    74 | D:1      | Found a faded altar of an unknown god.
    81 | D:1      | Reached XP level 2. HP: 27/27 MP: 1/1
   204 | D:1      | Reached skill level 1 in Dodging
   689 | D:2      | Reached XP level 3. HP: 33/33 MP: 2/2
   887 | D:2      | Noticed Jessica
   895 | D:2      | Killed Jessica
   896 | D:2      | Reached skill level 1 in Stealth
  1002 | D:2      | Reached XP level 4. HP: 20/40 MP: 3/3
  1374 | D:2      | Identified the +0 helmet of the Goldsmith {Str+3}
  1374 | D:2      | Noticed Robin
  1383 | D:2      | Killed Robin
  1725 | D:3      | Reached XP level 5. HP: 46/46 MP: 4/4
  1740 | D:3      | Found an opulent altar of Gozag.
  1740 | D:3      | Found a glowing silver altar of Zin.
  1777 | D:3      | Found an ancient bone altar of Kikubaaqudgha.
  1940 | D:3      | HP: 1/46 [orc priest/divine providence (12)]
  1953 | D:3      | HP: 1/47 [orc wizard/magic dart (2)]
  2364 | D:3      | Found an ornate altar of the Wu Jian Council.
  2933 | D:4      | Found a sparkling altar of Nemelex Xobeh.
  2933 | D:4      | Found a hide-covered altar of Uskayaw.
  3156 | D:4      | Noticed an ogre
  3159 | D:4      | HP: 2/47 [ogre/+0 giant club (13)]
  3160 | D:4      | Demolished by an ogre

Illustrated notes

Levels and vault maps discovered:
D:1:      dpeg_arrival_tiny_f, layout_basic,
          hellmonk_ecumenical_altar_leap_of_faith
D:2:      layout_loops_cross, ebering_dispersal_statue_hall,
          nicolae_grassy_gnolls, uniq_robin, uniq_jessica
D:3:      layout_basic, grunt_temple_overflow_gold_and_silver,
          nicolae_kikubaaqudgha_miasma_corner, mainiacjoe_overflow_24_doors
D:4:      layout_basic, chequers_temple_overflow_statue_of_worship,
          uniq_crazy_yiuf_cottage

Skill      XL: |  1  2  3  4 |
---------------+-------------+-----
Dodging        | 1 2 |  2.4
Armour         | 4 |  4.6
Fighting       | 4 |  4.4
Axes           | 3 |  3.6
Stealth        | 1 |  1.7
Shields        | 4 |  4.6

Action                   |  1- 3 |  4- 6 || total
-------------------------+-------+-------++-------
Melee: War axe           |    60 |   105 ||   165
       Headbutt          |     8 |    12 ||    20
  Use: Potion            |       |     5 ||     5
Armor: Scale mail        |    28 |    56 ||    84
Dodge: Dodged            |    37 |    49 ||    86
Block: Buckler           |    23 |    11 ||    34
       Kite shield       |       |    10 ||    10

Table legend: (Time is in decaauts)
 A = Elapsed time spent in this place.
 B = Non-inter-level travel time spent in this place.
 C = Inter-level travel time spent in this place.
 D = Time resting spent in this place.
 E = Time spent auto-exploring this place.
 F = Levels seen in this place.
 G = Mean time per level.
                   A        B        C        D        E       F      G
               +--------+--------+--------+--------+--------+-----+--------+
         Total |   3230 |   3155 |     75 |    295 |   2193 |   4 |  807.5 |
       Dungeon |   3230 |   3155 |     75 |    295 |   2193 |   4 |  807.5 |
               +--------+--------+--------+--------+--------+-----+--------+

Top non-repeatable levels by time:
     D:3: 1253 daAuts
     D:2: 1004 daAuts
     D:1: 701 daAuts
     D:4: 270 daAuts
